 Dungeon Crawl Stone Soup version 0.28-a0-479-g5baa6b73be (webtiles) character file.

Game seed: 16538126493994937917

34099 heikuro the Severer (level 13, -11/116 (117) HPs)
             Began as a Minotaur Berserker on Sept 19, 2021.
             Was a High Priest of Trog.
             Mangled by an ettin (29 damage)
             ... on level 15 of the Dungeon.
             The game lasted 00:40:21 (19109 turns).

heikuro the Severer (Minotaur Berserker)           Turns: 19109, Time: 00:40:21

HP:   -11/116 (117) AC: 23    Str: 29    XL:     13   Next: 40%
MP:   12/12         EV: 17    Int:  4    God:    Trog [*****.]
Gold: 1606          SH:  5    Dex: 13    Spells: 12/12 levels left

rFire   + . .      SeeInvis .   a - +3 battleaxe (freeze)
rCold   + . .      Faith    .   (shield currently unavailable)
rNeg    . . .      Spirit   .   R - +0 chain mail of Trial and Error {Str+5}
rPois   .          Reflect  +   (helmet restricted)
rElec   .          Harm     .   J - scarf {rC+ rF+}
rCorr   .          Rampage  .   U - +2 pair of gloves {archery}
Will    ++...                   q - +2 pair of boots
Stlth   ..........              u - amulet of reflection
HPRegen 1.29/turn               e - +4 ring of evasion
MPRegen 0.13/turn               N - +4 ring of protection

@: strong-willed, on berserk cooldown, regenerating, slowed, lightly drained,
very slow
A: horns 2, retaliatory headbutt
a: Renounce Religion, Berserk, Trog's Hand, Brothers in Arms


You were on level 15 of the Dungeon.
You worshipped Trog.
Trog was extremely pleased with you.
You visited 2 branches of the dungeon, and saw 16 of its levels.
You also visited: Sewer and Gauntlet.

You collected 1606 gold pieces.

Inventory:

Hand Weapons
 a - a +3 battleaxe of freezing (weapon)
 b - a +0 longbow
 H - a +0 broad axe
Missiles
 c - 473 arrows
 I - 32 poisoned darts (quivered)
 P - 4 curare-tipped darts
Armour
 d - a +2 cloak
 q - a +2 pair of boots (worn)
 G - a +0 chain mail of positive energy
 J - a scarf of resistance (worn)
 R - the +0 chain mail of Trial and Error (worn) {Str+5}
   (You found it on level 9 of the Dungeon)

   Str:       It affects your strength (+5).
 U - a +2 pair of gloves of archery (worn)
 Y - the +10 tower shield of Ignorance {rN+ Int-4}
   (You took it off a minotaur in a Gauntlet)

   Int:       It affects your intelligence (-4).
   rN:        It protects you from negative energy.
Jewellery
 e - a +4 ring of evasion (left hand)
 p - a +6 ring of intelligence
 s - a ring of protection from cold
 t - a ring of protection from cold
 u - an amulet of reflection (around neck)
 N - a +4 ring of protection (right hand)
 T - a ring of flight
 V - a ring of poison resistance
 W - a ring of willpower
Wands
 l - a wand of polymorph (15)
 o - a wand of iceblast (20)
 L - a wand of flame (33)
 S - a wand of charming (13)
 X - a wand of digging (4)
 Z - a wand of acid (18)
Scrolls
 i - 2 scrolls of acquirement
 m - 2 scrolls of summoning
 n - a scroll of brand weapon {unknown}
 r - a scroll of fear
 w - 6 scrolls of vulnerability
 x - 2 scrolls of fog
 y - 2 scrolls of enchant weapon
 z - 2 scrolls of blinking
 B - 7 scrolls of teleportation
 D - 2 scrolls of magic mapping
 K - a scroll of silence {unknown}
 O - 5 scrolls of enchant armour
Potions
 f - 3 potions of flight
 g - 4 potions of heal wounds
 h - 6 potions of curing
 k - 2 potions of might
 v - 2 potions of invisibility
 A - 3 potions of haste
 C - 3 potions of cancellation {unknown}
 E - a potion of resistance {unknown}
 F - 6 potions of mutation {unknown}
 M - 2 potions of ambrosia {unknown}
Miscellaneous
 j - a lightning rod (4/4)
 Q - a box of beasts


   Skills:
 + Level 11.8 Fighting
 * Level 15.6 Axes
 + Level 9.9 Bows
 + Level 11.5 Armour
 + Level 10.7 Dodging
 + Level 3.1 Shields


You had 12 spell levels left.
You didn't know any spells.
Your spell library contained the following spells:

 Spells                   Type           Power      Damage    Failure   Level
 Ensorcelled Hibernation  Hex/Ice        0%         N/A       97%         2
 Tukima's Dance           Hex            0%         N/A       100%        3


Dungeon Overview and Level Annotations

Branches:
Dungeon (15/15)            Temple (1/1) D:6            Lair (0/6) D:11
    Orc (0/2) D:9          Vaults (0/5) D:13          Sewer (visited)
Gauntlet (visited)
 Depths: D:15

Altars:
Ashenzari
Cheibriados
Dithmenos
Elyvilon
Fedhas
Gozag
Hepliaklqana
Kikubaaqudgha
Makhleb
Nemelex Xobeh
Okawaru
Qazlal
Ru
Sif Muna
Trog
Uskayaw
Vehumet
Wu Jian
Xom
Yredelemnul
Zin
The Shining One
Beogh

Annotations:
D:11 3 runed translucent doors, ratboy's ghost, novice DrCA


Innate Abilities, Weirdness & Mutations

You have a pair of horns on your head.
You reflexively headbutt those who attack you in melee.


Message History

Josephine is moderately wounded.
Josephine casts a spell at you.
The ghostly flame explodes!
The ghostly fireball engulfs you.
You feel drained.
The ghostly fireball engulfs Josephine.
Josephine completely resists.
Josephine barely misses you.
You hear a shout!
You slash Josephine! You freeze Josephine. Your headbutt misses Josephine.
Josephine is heavily wounded.
Josephine hits you but does no damage.
You hit Josephine. You freeze Josephine. You headbutt Josephine.
Josephine is severely wounded.
Josephine hits you but does no damage.
A wraith comes into view.
Josephine casts a spell at you.
The ghostly flame explodes!
The ghostly fireball engulfs you!!
You feel drained.
* * * LOW HITPOINT WARNING * * *
The ghostly fireball engulfs Josephine.
Josephine completely resists.
You barely miss Josephine. Your headbutt misses Josephine.
Josephine is heavily wounded.
Josephine hits you but does no damage.
Unknown command.
You slash Josephine! You freeze Josephine.
Josephine is severely wounded.
Josephine draws life force from you!
* * * LOW HITPOINT WARNING * * *
Josephine is healed by the life force!
Unknown command.
Okay, then.
Unknown command.
You slice Josephine!! You freeze Josephine.
You kill Josephine!
Trog accepts your kill.
Trog appreciates your killing of a magic user.
Your Shields skill increases to level 3!
You hit the ettin. You freeze the ettin. You headbutt the ettin!
The ettin is severely wounded.
The ettin completely misses you. The ettin misses you.
The ettin hits you with a +0 dire flail!!
You die...

#..#.##..........
#†...############
#.####..# ##
#..)W..#...#
#.....##{.....#
#...# #W###≈.#
)#. #W# ≈.W.#
###### #C# ...#
#..... #@# ..#
#.#### #.# ≈.#
#.# #.# #.# #.#
#.# #.# #.# #.#
#.####
########### #.#
#.....
.........###.#
###### ..
...#.......#


You could see an ettin and 3 wraiths.

Vanquished Creatures
  Gastronok (D:9)
  Roxanne (D:15)
  A minotaur (Gauntlet)
  A yaktaur captain (D:13)
  A great orb of eyes (Gauntlet)
  Josephine (D:15)
  A boulder beetle (D:10)
  3 centaur warriors
  Erolcha (D:12)
  5 two-headed ogres
  A tengu warrior (D:14)
  2 deep trolls (D:15)
  3 deep elf pyromancers
  An orc knight (D:15)
  A necromancer (D:15)
  2 cyclopes
  6 ugly things
  A manticore (D:13)
  A centaur zombie (D:11)
  4 komodo dragons
  Psyche (D:12)
  2 yaktaurs (D:13)
  A freezing wraith (D:14)
  An ice devil (Gauntlet)
  An efreet (D:13)
  3 meliai (D:13)
  4 trolls
  Prince Ribbit (D:6)
  5 slime creatures (D:14)
  Grinder (D:3)
  Sigmund (D:3)
  3 shadows (Gauntlet)
  A vampire (D:13)
  2 wraiths
  13 yaks
  Eustachio (D:6)
  3 steam dragons
  3 basilisks
  4 vampire mosquitoes
  An acid dragon (D:7)
  Edmund (D:5)
  Menkaure (D:4)
  A water moccasin (D:7)
  Duvessa (D:4)
  8 orc warriors
  2 ice beasts (D:5)
  An ogre (D:5)
  7 centaurs
  A phantom (D:3)
  4 bullfrogs
  A gnoll sergeant (D:6)
  A wyvern zombie (D:9)
  4 scorpions
  Dowan (D:4)
  15 wights
  A howler monkey (D:7)
  A hound (D:7)
  4 orc priests
  Crazy Yiuf (D:3)
  Ijyb (D:5)
  6 iguanas
  9 orc wizards
  A killer bee zombie (D:6)
  2 howler monkey zombies
  8 gnolls
  8 adders
  A howler monkey skeleton (D:7)
  5 river rats
  A shadow imp (D:8)
  3 white imps
  An ufetubus (D:6)
  A worm (D:4)
  3 dart slugs
  51 orcs
  27 ball pythons
  4 bats
  5 endoplasms
  3 giant cockroaches
  11 goblins
  5 hobgoblins
  3 jackals
  5 kobolds
  4 quokkas
  7 frilled lizards
  27 rats
348 creatures vanquished.

Vanquished Creatures (others)
  11 demonic plants (Gauntlet)
  13 plants
24 creatures vanquished.

Grand Total: 372 creatures vanquished

Notes
Turn   | Place    | Note
-------+----------+-------------------------------------------
     0 | D:1      | heikuro the Minotaur Berserker began the quest for the Orb.
     0 | D:1      | Reached XP level 1. HP: 19/19 MP: 0/0
   195 | D:1      | Reached XP level 2. HP: 27/27 MP: 1/1
   215 | D:1      | Reached skill level 4 in Axes
   764 | D:1      | Reached ** piety under Trog
   828 | D:1      | Reached XP level 3. HP: 33/33 MP: 2/2
  1328 | D:2      | Reached XP level 4. HP: 38/40 MP: 3/3
  2118 | D:3      | You fall into a shaft and drop 2 floors!
  2118 | D:5      | Entered Level 5 of the Dungeon
  2118 | D:5      | Noticed a scorpion
  2122 | D:5      | Reached skill level 5 in Axes
  2123 | D:5      | Killed a scorpion
  2124 | D:5      | Reached XP level 5. HP: 47/47 MP: 4/4
  2198 | D:5      | Noticed a centaur
  2202 | D:5      | Noticed Ijyb
  2207 | D:5      | Killed a centaur
  2210 | D:5      | Killed Ijyb
  2211 | D:5      | Reached XP level 6. HP: 55/55 MP: 2/5
  2380 | D:5      | Reached skill level 5 in Fighting
  2380 | D:5      | Reached skill level 6 in Axes
  2426 | D:4      | Noticed Menkaure
  2430 | D:4      | Killed Menkaure
  2431 | D:4      | Reached skill level 1 in Bows
  2572 | D:4      | Found a glowing drain.
  2576 | D:4      | Reached *** piety under Trog
  2595 | Sewer    | Entered a sewer
  2842 | Sewer    | Reached XP level 7. HP: 61/61 MP: 6/6
  3083 | Sewer    | Reached **** piety under Trog
  3172 | D:4      | Reached skill level 7 in Axes
  3383 | D:3      | Noticed Grinder
  3401 | D:3      | Killed Grinder
  3402 | D:3      | Reached skill level 5 in Armour
  3427 | D:3      | Noticed Sigmund
  3432 | D:3      | Killed Sigmund
  3433 | D:3      | Reached XP level 8. HP: 70/70 MP: 5/7
  3478 | D:3      | Found a runed translucent door.
  3479 | D:3      | Noticed Crazy Yiuf
  3921 | D:3      | Killed Crazy Yiuf
  4005 | D:4      | Noticed Dowan
  4112 | D:4      | Noticed Duvessa
  4121 | D:4      | Killed Dowan
  4121 | D:4      | Killed Duvessa
  4122 | D:4      | Reached skill level 8 in Axes
  4122 | D:4      | Reached skill level 5 in Dodging
  4808 | D:5      | Noticed Edmund
  4816 | D:5      | Killed Edmund
  5292 | D:6      | Found a basalt altar of Yredelemnul.
  5356 | D:6      | Reached skill level 9 in Axes
  5420 | D:6      | Found a staircase to the Ecumenical Temple.
  5428 | Temple   | Entered the Ecumenical Temple
  5719 | D:6      | Reached XP level 9. HP: 79/79 MP: 8/8
  5725 | D:6      | Noticed Eustachio
  5730 | D:6      | Noticed Prince Ribbit
  5766 | D:6      | Killed Eustachio
  5788 | D:6      | Killed Prince Ribbit
  6665 | D:7      | Reached skill level 10 in Axes
  6665 | D:7      | Reached skill level 5 in Bows
  7165 | D:7      | Reached ***** piety under Trog
  7345 | D:7      | Reached XP level 10. HP: 80/87 MP: 5/9
  8251 | D:8      | Found a stormy altar of Qazlal.
  8330 | D:8      | Noticed a two-headed ogre
  8339 | D:8      | Killed a two-headed ogre
  8340 | D:8      | Reached skill level 11 in Axes
  8703 | D:8      | Found a bloodstained altar of Trog.
  8710 | D:8      | Found a glowing golden altar of the Shining One.
  8711 | D:8      | Found an ornate altar of the Wu Jian Council.
  8807 | D:9      | Noticed a two-headed ogre
  8813 | D:9      | Killed a two-headed ogre
  9024 | D:9      | Found a burning altar of Makhleb.
  9036 | D:9      | Noticed Gastronok
  9047 | D:9      | Killed Gastronok
  9048 | D:9      | Reached skill level 12 in Axes
  9048 | D:9      | Reached XP level 11. HP: 97/97 MP: 10/10
  9144 | D:9      | Identified the +0 chain mail of Trial and Error {Str+5}
  9220 | D:9      | Found a staircase to the Orcish Mines.
  9230 | D:9      | Received a gift from Trog
  9714 | D:10     | Entered Level 10 of the Dungeon
  9714 | D:10     | Noticed a boulder beetle
  9721 | D:10     | Killed a boulder beetle
 10246 | D:10     | Noticed a two-headed ogre
 10253 | D:10     | Killed a two-headed ogre
 10254 | D:10     | Reached skill level 10 in Fighting
 10254 | D:10     | Reached skill level 13 in Axes
 10841 | D:11     | Found a runed translucent gate.
 10841 | D:11     | Found a runed translucent gate.
 10841 | D:11     | Found a runed translucent gate.
 10842 | D:11     | Found an opulent altar of Gozag.
 10842 | D:11     | Noticed ratboy's ghost (novice DrCA)
 10843 | D:11     | Noticed a centaur warrior
 10844 | D:11     | Noticed an ettin
 11562 | D:11     | Found a staircase to the Lair.
 11855 | D:11     | Noticed a deep troll
 12009 | D:12     | Noticed Psyche
 12018 | D:12     | Killed Psyche
 12408 | D:12     | Noticed Erolcha
 12414 | D:12     | Killed Erolcha
 12455 | D:12     | Noticed a two-headed ogre
 12459 | D:12     | Killed a two-headed ogre
 12460 | D:12     | Reached skill level 10 in Armour
 12460 | D:12     | Reached XP level 12. HP: 91/107 MP: 9/11
 12840 | D:13     | Identified 3 scrolls of acquirement
 12840 | D:13     | Acquired 628 gold pieces
 12959 | D:13     | Noticed a two-headed ogre
 12963 | D:13     | Killed a two-headed ogre
 13330 | D:13     | Noticed a yaktaur captain
 14760 | D:13     | Killed a yaktaur captain
 14761 | D:13     | Reached skill level 14 in Axes
 14957 | D:13     | Found a gate to the Vaults.
 15891 | D:14     | Noticed a tengu warrior
 15900 | D:14     | Killed a tengu warrior
 15932 | D:14     | Found a gate leading to a gauntlet.
 15940 | D:14     | Reached skill level 10 in Dodging
 15942 | Gauntlet | Entered a Gauntlet
 15942 | Gauntlet | Found a transporter.
 15942 | Gauntlet | Found a transporter.
 16071 | Gauntlet | Found a transporter.
 16073 | Gauntlet | Found a transporter.
 16074 | Gauntlet | Found a transporter.
 16078 | Gauntlet | Noticed a great orb of eyes
 16082 | Gauntlet | Noticed a great orb of eyes
 16088 | Gauntlet | Found a transporter.
 16090 | Gauntlet | Found a transporter.
 16091 | Gauntlet | Found a transporter.
 16091 | Gauntlet | Found a transporter.
 16098 | Gauntlet | Found a transporter.
 16102 | Gauntlet | Found a transporter.
 16188 | Gauntlet | Found a transporter.
 16432 | Gauntlet | Killed a great orb of eyes
 16465 | Gauntlet | Identified the -5 pair of gloves of Gedeocos {Harm rF+}
 16604 | Gauntlet | Noticed a minotaur
 16619 | Gauntlet | Killed a minotaur
 16620 | Gauntlet | Reached skill level 15 in Axes
 17097 | D:14     | Noticed a centaur warrior
 17105 | D:14     | Killed a centaur warrior
 17593 | D:15     | Entered Level 15 of the Dungeon
 17593 | D:15     | Noticed Roxanne
 18300 | D:15     | Killed Roxanne
 18301 | D:15     | Reached skill level 1 in Shields
 18301 | D:15     | Reached XP level 13. HP: 19/116 MP: 12/12
 19080 | D:15     | Noticed Josephine
 19086 | D:15     | Noticed an ettin
 19108 | D:15     | Killed Josephine
 19109 | D:15     | Mangled by an ettin

Illustrated notes

Levels and vault maps discovered:
D:1:      matt_arrival_grand_opening, layout_basic, minmay_indecisive_spiral
D:2:      layout_basic
D:3:      layout_loops_ring, kennysheep_donut, grunt_ministairs_2, uniq_sigmund,
          uniq_crazy_yiuf_cottage, uniq_grinder
D:4:      layout_rooms, portal_sewer_entry_b, uniq_menkaure, uniq_duvessa
D:5:      layout_basic, uniq_ijyb, uniq_edmund
D:6:      layout_basic, yredelemnul_altar_generic,
          minmay_temple_entry_gardened_gates, uniq_prince_ribbit1,
          uniq_eustachio
D:7:      cheibrodos_steamvent, layout_layer_cave
D:8:      layout_rooms, minitemple, amcnicky_mini_pool_small,
          minmay_misc_feat_plants
D:9:      layout_basic, mainiacjoe_overflow_catwalk, david_orc_5, uniq_gastronok
D:10:     layout_roguey, minmay_lizard_king
D:11:     layout_basic, david_lair_shrubbed, ebering_ghost_gozag, st_stairs_8
D:12:     layout_grid_maze, uniq_psyche, uniq_erolcha
D:13:     layout_gridville, david_vaults_2, columned_hall_lemuel
D:14:     layout_basic, gauntlet_entry_generic, hangedman_decor_slide_cut
D:15:     hangedman_depths_entry_civil_slaughter, layout_loops_ring,
          chequers_serial_rivers_micro_c, minmay_misc_feat_ornament,
          uniq_josephine, uniq_roxanne, uniq_nessos
Temple:   nicolae_temple_elliptical

Skill      XL: |  1  2  3  4  5  6  7  8  9 10 11 12 13 |
---------------+----------------------------------------+-----
Axes           | 4 5 6 7 9 10 12 13 15 | 15.6
Fighting       | 4 5 6 7 8 9 10 11 | 11.8
Armour         | 3 4 5 6 7 8 10 11 | 11.5
Dodging        | 3 4 5 6 8 9 10 | 10.7
Bows           | 1 2 4 5 6 8 9 |  9.9
Shields        | 1 3 |  3.1

Action                   |  1- 3 |  4- 6 |  7- 9 | 10-12 | 13-15 || total
-------------------------+-------+-------+-------+-------+-------++-------
Melee: Hand axe          |    69 |    82 |   230 |       |       ||   381
       Headbutt          |     7 |    11 |    46 |    82 |    16 ||   162
       Battleaxe         |       |       |    44 |   289 |    54 ||   387
       Broad axe         |       |       |       |    27 |       ||    27
 Fire: Shortbow          |       |     6 |    50 |    21 |       ||    77
       Longbow           |       |       |       |       |     2 ||     2
Throw: Javelin           |     5 |     3 |       |       |       ||     8
       Dart              |       |       |     3 |     1 |       ||     4
Invok: Berserk           |     1 |     6 |    17 |    25 |     2 ||    51
       Trog's Hand       |       |       |     2 |     6 |     1 ||     9
  Use: Scroll            |     3 |       |     4 |    15 |     1 ||    23
Armor: Ring mail         |    16 |     8 |       |       |       ||    24
       Chain mail        |       |    29 |   163 |   180 |    27 ||   399
Dodge: Dodged            |    42 |    59 |   153 |   140 |    30 ||   424
Block: Tower shield      |       |       |       |    32 |       ||    32
       Other             |       |       |       |    10 |     8 ||    18
       Reflection        |       |       |       |     1 |     2 ||     3

Table legend: (Time is in decaauts)
 A = Elapsed time spent in this place.
 B = Non-inter-level travel time spent in this place.
 C = Inter-level travel time spent in this place.
 D = Time resting spent in this place.
 E = Time spent auto-exploring this place.
 F = Levels seen in this place.
 G = Mean time per level.
                   A        B        C        D        E       F      G
               +--------+--------+--------+--------+--------+-----+--------+
         Total |  19680 |  18810 |    870 |   6241 |   7769 |  18 | 1093.3 |
       Dungeon |  17940 |  17092 |    848 |   5605 |   7372 |  15 | 1196.0 |
        Temple |    166 |    144 |     22 |      0 |    128 |   1 |  166.0 |
         Sewer |    661 |    661 |      0 |    261 |     91 |   1 |  661.0 |
      Gauntlet |    910 |    910 |      0 |    374 |    178 |   1 |  910.0 |
               +--------+--------+--------+--------+--------+-----+--------+

Top non-repeatable levels by time:
    D:12: 2257 daAuts
    D:13: 1883 daAuts
     D:7: 1786 daAuts
    D:14: 1647 daAuts
     D:5: 1178 daAuts
     D:6: 1132 daAuts
     D:9: 1129 daAuts
     D:2: 1100 daAuts
    D:11: 1091 daAuts
     D:3: 1071 daAuts
    D:10: 931 daAuts
Gauntlet: 910 daAuts
     D:1: 901 daAuts
   Sewer: 661 daAuts
     D:8: 630 daAuts
